 Dungeon Crawl Stone Soup version 0.18.1-50-g88ac8fd (webtiles) character file.

4 ololoev the Magician (level 1, 10/10 HPs)
             Began as a Deep Elf Earth Elementalist on Dec 1, 2016.
             Quit the game on level 1 of the Dungeon.
             The game lasted 00:00:29 (51 turns).

ololoev the Magician (Deep Elf Earth Elementalist)    Turns: 51, Time: 00:00:30

Health: 10/10      AC:  2    Str:  5    XL:     1   Next: 50%
Magic:  1/7        EV: 13    Int: 19    God:
Gold:   0          SH:  0    Dex: 15    Spells: 1 memorised, 6 levels left

rFire  . . .     SeeInvis .     b - 13 stones
rCold  . . .     Gourm    .     a - +0 robe
rNeg   . . .     Faith    .     (no shield)
rPois  .         Spirit   .     (no helmet)
rElec  .         Dismiss  .     (no cloak)
rCorr  .         Reflect  .     (no gloves)
SustAt .         Harm     +     (no boots)
MR     .....                    e - amulet of harm
Stlth  ++........               (no ring)
                                (no ring)

@: not resistant to hostile enchantments, unstealthy
A: no striking features
a: no special abilities

Inventory:

Missiles
 b - 13 stones (in hand)
Armour
 a - a +0 robe (worn)
Jewellery
 e - an amulet of harm (around neck)
Books
 c - a book of Geomancy

   Spells                             Type                      Level
   a - Sandblast                      Earth                        1
   b - Passwall                       Transmutation/Earth          2
   c - Stone Arrow                    Conjuration/Earth            3
   d - Petrify                        Transmutation/Earth          4
   e - Lee's Rapid Deconstruction     Earth                        5
Comestibles
 d - a bread ration


   Skills:
 - Level 2.4 Dodging
 - Level 2.4 Stealth
 * Level 3.5 Spellcasting
   Level 1.1 Transmutations
 + Level 3.2 Earth Magic


You had 6 spell levels left.
You knew the following spells:

 Your Spells              Type           Power        Failure   Level  Hunger
a - Sandblast             Erth           ###...       4%          1    None


You were on level 1 of the Dungeon.
You were not hungry.

You visited 1 branch of the dungeon, and saw 1 of its levels.

#.# +........# #.# .#
#........# #.# .#
........# #.# .#
.......# #.###.#
#...!!# #.##..####
#.....######.##......
#....†..†.......#
#...@..#####.##.#
+......# #.##.#
#......# #.##.#
#......# #.##.#
#....... #.##.#
#.......# #.##.#
#........ #.##.#
#......#.# #.#
#.####.#.# #.#

Notes
Turn   | Place    | Note
--------------------------------------------------------------
     0 | D:1      | ololoev the Deep Elf Earth Elementalist began the quest for the Orb.
     0 | D:1      | Reached XP level 1. HP: 10/10 MP: 6/6
    51 | D:1      | Quit the game

Dungeon Overview and Level Annotations

Branches:
Dungeon (1/15)

Altars:


Message History

Welcome, ololoev the Deep Elf Earth Elementalist.
Will you prevail where others failed? Will you find the Orb of Zot?
Press ? for a list of commands and other information.
Found a staircase leading out of the dungeon.
You open the door.
There is an open door here.
A giant newt comes into view.
b - 20 stones (in hand)
Casting: Sandblast
Confirm with . or Enter, or press ? or * to list all spells.
Aiming: Sandblast
Press: ? - help, Shift-Dir - straight line, f - giant newt
Aim: a giant newt (resting)
The rocky blast hits the giant newt.
You kill the giant newt!
A rat comes into view.
A giant newt comes into view.
Found a twisted pearl amulet.
Casting: Sandblast
Confirm with . or Enter, or press ? or * to list all spells.
Aiming: Sandblast
Press: ? - help, Shift-Dir - straight line, f - rat
Aim: a rat The rocky blast hits the rat.
You kill the rat!
A giant cockroach comes into view.
You see here a rat corpse.
A rat comes into view.
Found a silvery potion.
Casting: Sandblast
Confirm with . or Enter, or press ? or * to list all spells.
Aiming: Sandblast
Press: ? - help, Shift-Dir - straight line, f - giant newt
Aim: a giant newt (resting)
The rocky blast hits the giant newt.
You kill the giant newt!
Casting: Sandblast
Confirm with . or Enter, or press ? or * to list all spells.
Aiming: Sandblast
Press: ? - help, Shift-Dir - straight line, f - giant cockroach
Aim: a giant cockroach The rocky blast hits the giant cockroach.
Casting: Sandblast
Confirm with . or Enter, or press ? or * to list all spells.
Aiming: Sandblast
Press: ? - help, Shift-Dir - straight line, f/p - giant cockroach
Aim: a giant cockroach The rocky blast hits the giant cockroach.
You kill the giant cockroach!
Found a silvery potion.
Casting: Sandblast
Confirm with . or Enter, or press ? or * to list all spells.
Aiming: Sandblast
Press: ? - help, Shift-Dir - straight line, f - rat
Aim: a rat (resting)
The rocky blast hits the rat.
The rat is severely wounded.
Casting: Sandblast
Confirm with . or Enter, or press ? or * to list all spells.
Aiming: Sandblast
Press: ? - help, Shift-Dir - straight line, f/p - rat
Aim: a rat (severely wounded)
The rocky blast hits the rat.
You kill the rat!
e - a twisted pearl amulet You see here a giant newt corpse.
Put on which piece of jewellery? (? for menu, Esc to quit)
e - an amulet of harm (around neck) Are you sure you want to abandon this character and quit the game? (Confirm with "yes".)

There were no monsters in sight!

Vanquished Creatures
  A giant cockroach (D:1)
  2 giant newts (D:1)
  2 rats (D:1)
5 creatures vanquished.

Action                   || total
-------------------------++-------
 Cast: Sandblast         ||     7

Vault maps used:
D:1:      tarquinn_simple_flora_water_e
